 Dungeon Crawl Stone Soup version 0.31.0-11-ge490571c62 (webtiles) character file.

Game seed: 15935042145185755937

63 qw the Shooter (level 3, -1/20 HPs)
             Began as a Deep Elf Hunter on Feb 4, 2024.
             Slain by Terence
             ... wielding a +0 trident
              (9 damage)
             ... on level 3 of the Dungeon.
             The game lasted 00:00:31 (1477 turns).

qw the Shooter (Deep Elf Hunter)                    Turns: 1477, Time: 00:00:31

Health: -1/20      AC:  6    Str: 10    XL:     3   Next: 89%
Magic:  5/5        EV:  9    Int: 13    God:
Gold:   66         SH:  0    Dex: 18    Spells: 2/2 levels left

rFire   . . .        a - +0 shortbow
rCold   . . .        (shield currently unavailable)
rNeg    . . .        l - +0 scale mail
rPois   .            (no helmet)
rElec   .            (no cloak)
rCorr   .            (no gloves)
SInv    .            (no boots)
Will    .....        (no amulet)
Stlth   +            (no ring)
HPRegen 0.23/turn    (no ring)
MPRegen 0.09/turn

%: no passive effects
@: no status effects
A: no striking features
a: no special abilities


You were on level 3 of the Dungeon.
You visited 1 branch of the dungeon, and saw 3 of its levels.

You collected 66 gold pieces.


   Skills:
 - Level 1.5 Fighting
 + Level 7.3 Ranged Weapons
 - Level 2.4 Dodging
 - Level 1.2 Stealth


You had 2 spell levels left.
You didn't know any spells.
Your spell library was empty.

Inventory:

Hand Weapons
 a - a +0 shortbow (weapon)
Armour
 l - a +0 scale mail (worn)
Scrolls
 b - a scroll of identify
 g - 2 scrolls of teleportation
Potions
 c - a potion of degeneration {unknown}
 h - a potion of might
 i - a potion of brilliance {unknown}
 k - a potion of enlightenment {unknown}
 m - a potion of magic {unknown}

Dungeon Overview and Level Annotations

Branches:
Dungeon (3/15)

Altars:
Wu Jian

Annotations:
D:3 Terence


Message History

You shoot an arrow.
The arrow hits the adder but does no damage.
You shoot an arrow. The arrow hits the adder.
The adder is heavily wounded.
The adder barely misses you.
You shoot an arrow. The arrow hits the adder.
The adder is severely wounded.
The adder bites you but does no damage. x2
You shoot an arrow. The arrow hits the adder.
You kill the adder!
You see here an adder corpse.
Found a club.
b - a scroll of identify
c - a grey potion You open the door.
You open the door.
There is an open door here.
Found a stone staircase leading down.
Terence the Incautious comes into view.
He is wielding a +0 trident.
Terence shouts!
You shoot an arrow.
The arrow hits Terence but does no damage.
You shoot an arrow. The arrow hits Terence.
Terence is lightly wounded.
Terence barely misses you.
You shoot an arrow. The arrow closely misses Terence.
Terence hits you from afar with a +0 trident.
Terence hits you from afar with a +0 trident!
You shoot an arrow. The arrow completely misses Terence.
Terence hits you from afar with a +0 trident.
You shoot an arrow. The arrow barely misses Terence.
Terence barely misses you.
You shoot an arrow. The arrow hits Terence.
Terence is moderately wounded.
Terence hits you from afar with a +0 trident.
You shoot an arrow. The arrow barely misses Terence.
Terence closely misses you.
Terence hits you from afar with a +0 trident!
You die...
Terence says, "Rest in peace."

#.#....... #.#.#####.
#.#.# #. ##### #.#.# #.
#>.. #.#.#####'
#..######.#.##....
#@...........+....
#######.#########.##...)
.......@..........##....
#######.######....##....
#.# #....##.... #.#
########### #.# #.# #.#
#.#


You could see Terence.

Vanquished Creatures
  2 adders
  A dart slug (D:2)
  2 ribbon worms
  3 bats (D:1)
  3 endoplasms (D:1)
  A giant cockroach (D:2)
  3 goblins
  4 hobgoblins
  4 jackals (D:2)
  6 ball pythons
  3 frilled lizards
  2 kobolds (D:2)
  A rat (D:1)
35 creatures vanquished.

Notes
Turn   | Place    | Note
-------+----------+-------------------------------------------
     0 | D:1      | qw the Deep Elf Hunter began the quest for the Orb.
     0 | D:1      | Reached XP level 1. HP: 12/12 MP: 3/3
     0 | D:1      | 0 ||| qw: Version: 0.3-a-160-g6735b56
     0 | D:1      | 0 ||| qw: Game counter: 5835
     0 | D:1      | 0 ||| qw: Melee chars always use a shield: true
     0 | D:1      | 0 ||| qw: God list: Okawaru
     0 | D:1      | 0 ||| qw: Allow faded altars: false
     0 | D:1      | 0 ||| qw: Do Orc after clearing Dungeon:15 true
     0 | D:1      | 0 ||| qw: Do second Lair branch before Depths: true
     0 | D:1      | 0 ||| qw: Lair rune preference: random
     0 | D:1      | 0 ||| qw: Goals: Normal
     0 | D:1      | 0 ||| PLANNING D:1-11
   158 | D:1      | Reached XP level 2. HP: 16/16 MP: 4/4
   161 | D:1      | Reached skill level 6 in Ranged Weapons
   484 | D:1      | You fall into a shaft and drop 1 floor!
   522 | D:2      | HP: 4/16 [kobold/+0 dagger (3)]
   526 | D:2      | HP: 1/16 [adder (2)]
   528 | D:2      | Reached XP level 3. HP: 1/20 MP: 5/5
   718 | D:2      | Reached skill level 7 in Ranged Weapons
   757 | D:2      | Found an ornate altar of the Wu Jian Council.
   930 | D:2      | 930 ||| UPGRADING to +0 scale mail.
   940 | D:2      | 940 ||| DROPPING +0 leather armour.
   941 | D:2      | 941 ||| READING scroll labelled XUOSOF BAU.
  1042 | D:2      | 1042 ||| READING scroll labelled ZAZXAKK WIUMNUOPP.
  1042 | D:2      | 1042 ||| IDENTIFYING orange potion
  1043 | D:2      | 1043 ||| READING scroll labelled IRCHATT ZEIVVO.
  1044 | D:2      | 1044 ||| READING 3 scrolls labelled YRIXEY XISSAIZ.
  1047 | D:2      | 1047 ||| READING scroll labelled CUUSME KIM UMI.
  1048 | D:2      | 1048 ||| READING scroll labelled SECOLO KIKH.
  1049 | D:2      | 1049 ||| DROPPING scroll of butterflies.
  1352 | D:2      | Found a faded altar of an unknown god.
  1352 | D:2      | Noticed a glass eye
  1356 | D:2      | Noticed an eye of devastation
  1363 | D:2      | Noticed an eye of devastation
  1366 | D:2      | Noticed an eye of devastation
  1470 | D:3      | Noticed Terence
  1477 | D:3      | Slain by Terence

Levels and vault maps discovered:
D:1:      dpeg_arrival_brainrot, layout_rooms
D:2:      layout_basic, basic_altar, hellmonk_ecumenical_altar_watching_god
D:3:      layout_basic, uniq_terence

Skill      XL: |  1  2  3 |
---------------+----------+-----
Ranged Weapons | 6 7 |  7.3
Fighting       | |  1.5
Dodging        | |  2.4
Stealth        | |  1.2

Action                     || total
---------------------------++-------
   Fire: Shortbow          ||   131
    Use: Scroll            ||     6
 Armour: Leather armour    ||    35
         Scale mail        ||     7
  Dodge: Dodged            ||    48

Table legend:
 A = Non-vault XP
 B = Vault XP
 C = Vault XP percentage of total XP
 D = Non-vault monster count
 E = Vault monster count
 F = Vault count percentage of total count
                 A         B        C        D         E       F
            +---------+---------+-------+---------+---------+-------
      Total |      87 |       4 |   4.4 |      34 |       1 |   2.9
            +---------+---------+-------+---------+---------+-------
        D:1 |      29 |       4 |  12.1 |      17 |       1 |   5.6
        D:2 |      43 |       0 |   0.0 |      15 |       0 |   0.0
        D:3 |      15 |       0 |   0.0 |       2 |       0 |   0.0
            +---------+---------+-------+---------+---------+-------
